 Dungeon Crawl Stone Soup version 0.31-a0-1620-gcbf77bbcfc (webtiles) character file.

Game seed: 4469138962317697313

1075 Flugslaktarn the Trooper (level 8, -3/73 HPs)
             Began as a Minotaur Fighter on Jan 11, 2024.
             Was a Follower of Cheibriados.
             Slain by an ogre
             ... wielding a +0 giant spiked club
              (17 damage)
             ... on level 6 of the Dungeon.
             The game lasted 00:01:54 (4293 turns).

Flugslaktarn the Trooper (Minotaur Fighter)         Turns: 4293, Time: 00:01:55

Health: -3/73      AC: 10    Str: 26    XL:     8   Next: 8%
Magic:  7/7        EV:  8    Int:  8    God:    Cheibriados [*.....]
Gold:   281        SH:  5    Dex: 13    Spells: 7/7 levels left

rFire   . . .        p - +1 war axe (elec)
rCold   . . .        c - +0 buckler
rNeg    . . .        n - +0 chain mail
rPois   .            (helmet restricted)
rElec   .            (no cloak)
rCorr   .            (no gloves)
SInv    +            (no boots)
Will    .....        (no amulet) Stlth
                     i - ring of see invisible
HPRegen 0.32/turn    (no ring)
MPRegen 0.10/turn

%: no passive effects
@: very slow
A: horns 2, retaliatory headbutt
a: Renounce Religion, Bend Time


You were on level 6 of the Dungeon.
You worshipped Cheibriados.
Cheibriados was aware of your devotion.
You visited 2 branches of the dungeon, and saw 7 of its levels.

You collected 281 gold pieces.

Inventory:

Hand Weapons
 p - a +1 war axe of electrocution (weapon)
   (You took it off Blork the orc on level 4 of the Dungeon)
Armour
 b - a +0 scale mail
 c - a +0 buckler (worn)
 n - a +0 chain mail (worn)
   (You found it on level 2 of the Dungeon)
Jewellery
 i - a ring of see invisible (left hand)
   (You found it on level 2 of the Dungeon)
 u - an amulet of faith
   (You found it on level 5 of the Dungeon)
Scrolls
 a - 2 scrolls of noise {unknown}
 e - a scroll of enchant weapon
 g - a scroll of amnesia {unknown}
 j - a scroll of fog
 l - a scroll of fear
 m - a scroll of poison {unknown}
 o - a scroll of enchant armour {unknown}
 r - 2 scrolls of identify
 s - a scroll of vulnerability {unknown}
 t - 4 scrolls of teleportation
Potions
 d - 2 potions of might
 f - a potion of resistance {unknown}
 h - 2 potions of mutation {unknown}
 k - a potion of berserk rage {unknown}
 q - 4 potions of curing
 v - a potion of haste {unknown}
 w - a potion of invisibility {unknown}


   Skills:
 * Level 7.5 Fighting
 * Level 7.1 Axes
 + Level 5.7 Armour
 + Level 5.7 Shields


You had 7 spell levels left.
You didn't know any spells.
Your spell library contained the following spells:

 Spells                   Type           Power      Damage    Failure   Level
 Kiss of Death            Conj/Necr      0%         2d5       93%         1
 Slow                     Hex            0%         N/A       93%         1
 Sting                    Conj/Alch      0%         1d3       93%         1
 Lesser Beckoning         Tloc           0%         N/A       98%         2
 Mercury Vapours          Alch/Air       0%         N/A       98%         2
 Confusing Touch          Hex            0%         N/A       100%        3
 Gell's Gravitas          Tloc           0%         N/A       100%        3
 Sigil of Binding         Hex            0%         N/A       100%        3
 Teleport Other           Tloc           0%         N/A       100%        3
 Vampiric Draining        Necr           0%         2d6       100%        3
 Dispel Undead            Necr           0%         3d6       100%        4
 Olgreb's Toxic Radiance  Alch           0%         N/A       100%        4


Dungeon Overview and Level Annotations

Branches:
Dungeon (6/15)             Temple (1/1) D:4

Altars:
Ashenzari
Cheibriados
Fedhas
Gozag
Kikubaaqudgha
Makhleb
Nemelex Xobeh
Sif Muna
Trog
Uskayaw
Vehumet
Wu Jian
Xom


Innate Abilities, Weirdness & Mutations

You have a pair of horns on your head.
You reflexively headbutt those who attack you in melee.


Message History

The gnoll is heavily wounded.
The gnoll barely misses you. You furiously retaliate!
You headbutt the gnoll. You slash the gnoll!
You kill the gnoll!
Cheibriados appreciates the change of pace.
Cheibriados raises the support of your attributes as your movement slows.
No target in view!
No target in view!
q - 4 potions of curing (gained 1)
Found a blossoming altar of Fedhas.
No target in view!
Found a shimmering blue altar of Sif Muna.
No target in view!
Things that are here:
a +0 halberd; a gnoll corpse You see here a +0 mace.
You now have 281 gold pieces (gained 9).
Found an ornate altar of the Wu Jian Council.
Found a stone staircase leading down.
No target in view!
No target in view!
No target in view!
You open the door.
There is an open door here.
There is a bloodstained altar of Trog here.
You open the door.
There is an open door here.
Done exploring.
Done exploring.
No target in view!
No target in view!
Done exploring.
Done exploring.
There is a stone staircase leading down here.
You climb downwards.
You hear the sound of rushing water.
There is an entrance to a sewer on this level.
Hurry and find it before the portal rusts away!
Found a beast talisman, a stone and a leather armour.
Found two stone staircases leading down.
There is a stone staircase leading up here.
There is a stone staircase leading down here.
An orc comes into view. It is wielding a +0 hand axe.
Found a scroll labelled KAPISM BAYJAE.
The orc shouts!
A hound comes into view.
There are monsters nearby!
There are monsters nearby!
An adder and an orc come into view.
The adder hisses angrily.
The orc shouts!
The hound barks!
You hear a shout! x2
An orc comes into view. It is wielding a +0 hand axe.
An orc comes into view. It is wielding a +0 flail.
An orc comes into view.
It is wielding a +1 flail of protection.
An ogre comes into view. It is wielding a +0 giant spiked club.
The orc shouts!
You see here a beast talisman.
You slash the orc! Lightning courses through the orc!
You kill the orc!
Cheibriados appreciates the change of pace.
The hound closely misses you. You furiously retaliate!
You headbutt the hound, but do no damage.
You slash the hound!
The hound is severely wounded.
The hound barely misses you. You furiously retaliate!
You headbutt the hound!
You kill the hound!
Cheibriados appreciates the change of pace.
You closely miss the adder. The adder bites you but does no damage.
You barely miss the adder. You headbutt the adder!
You kill the adder!
Cheibriados appreciates the change of pace.
You completely miss the orc. The orc hits you but does no damage.
You hit the orc. Lightning courses through the orc!
You kill the orc!
Cheibriados appreciates the change of pace.
You closely miss the orc. The orc hits you with a +0 flail. x2
You closely miss the orc. Your headbutt misses the orc.
You block the orc's attack.
You closely miss the orc. The orc closely misses you. You furiously retaliate!
You headbutt the orc!
You kill the orc!
Cheibriados appreciates the change of pace.
You barely miss the ogre.
The ogre hits you with a +0 giant spiked club!!
You barely miss the ogre.
You headbutt the ogre, but do no damage.
The ogre closely misses you.
You hit the ogre but do no damage. You slash the ogre!
Lightning courses through the ogre!
The ogre is severely wounded.
The ogre hits you with a +0 giant spiked club!
You completely miss the ogre.
The ogre is severely wounded.
The ogre hits you with a +0 giant spiked club!!
* * * LOW HITPOINT WARNING * * *
You are too injured to fight recklessly!
You are too injured to fight recklessly!
You slash the ogre!
You headbutt the ogre, but do no damage.
The ogre is almost dead.
The ogre hits you with a +0 giant spiked club!
You die...

###[### ##.....##
##.......##
#.........#
#......(..#
#.......>.# ###..
#.........##......
#...<.>...@Oo..?..
#.........##o$....
#.........# .....
#.........# ....
#.........# ...
#.........# ..
##.......## .
##.....## #######


You could see an ogre and 2 orcs.

Vanquished Creatures
  Sigmund (D:2)
  An ice beast (D:3)
  An ogre (D:4)
  2 phantoms (D:5)
  Blork the orc (D:4)
  A howler monkey (D:5)
  2 bombardier beetles
  2 hounds
  An orc priest (D:2)
  2 iguanas
  Natasha (thrice) (D:2)
  An orc wizard (D:2)
  Robin (D:4)
  3 gnolls (D:5)
  6 adders
  2 ufetubi (D:5)
  4 dart slugs
  A ribbon worm (D:3)
  18 orcs
  2 endoplasms (D:2)
  A giant cockroach (D:2)
  14 goblins
  A hobgoblin (D:3)
  4 jackals (D:2)
  3 quokkas
  2 bats (D:2)
  3 frilled lizards (D:3)
  6 kobolds
  3 rats (D:3)
92 creatures vanquished.

Notes
Turn   | Place    | Note
-------+----------+-------------------------------------------
     0 | D:1      | Flugslaktarn the Minotaur Fighter began the quest for the
                  | Orb.
     0 | D:1      | Reached XP level 1. HP: 19/19 MP: 0/0
   801 | D:2      | Reached XP level 2. HP: 26/27 MP: 1/1
  1018 | D:2      | Reached XP level 3. HP: 9/34 MP: 2/2
  1171 | D:2      | Reached XP level 4. HP: 36/41 MP: 3/3
  1243 | D:2      | Noticed Sigmund
  1246 | D:2      | Noticed Natasha
  1258 | D:2      | Killed Sigmund
  1259 | D:2      | Reached skill level 5 in Fighting
  1259 | D:2      | Reached XP level 5. HP: 18/48 MP: 4/4
  1262 | D:2      | Killed Natasha
  1591 | D:2      | Noticed Natasha
  1594 | D:2      | Killed Natasha
  1595 | D:2      | Reached XP level 6. HP: 56/56 MP: 5/5
  1933 | D:2      | Noticed Natasha
  1941 | D:2      | Killed Natasha
  1942 | D:2      | Reached skill level 5 in Axes
  2150 | D:3      | Noticed an ice beast
  2159 | D:3      | Killed an ice beast
  2565 | D:4      | Reached skill level 5 in Shields
  2651 | D:4      | Reached skill level 5 in Armour
  2651 | D:4      | Reached XP level 7. HP: 64/64 MP: 6/6
  2656 | D:4      | Found a staircase to the Ecumenical Temple.
  2664 | Temple   | Entered the Ecumenical Temple
  2674 | Temple   | Became a worshipper of Cheibriados the Contemplative
  2884 | D:4      | Noticed Robin
  2891 | D:4      | Killed Robin
  3240 | D:4      | Noticed Blork the orc
  3245 | D:4      | Killed Blork the orc
  3654 | D:5      | Entered Level 5 of the Dungeon
  3663 | D:5      | Reached * piety under Cheibriados
  3834 | D:5      | Found a bloodstained altar of Trog.
  3887 | D:5      | Reached XP level 8. HP: 66/73 MP: 7/7
  3950 | D:5      | Found a hide-covered altar of Uskayaw.
  4030 | D:5      | Found a blossoming altar of Fedhas.
  4033 | D:5      | Found a shimmering blue altar of Sif Muna.
  4155 | D:5      | Found an ornate altar of the Wu Jian Council.
  4293 | D:6      | Slain by an ogre

Illustrated notes

Levels and vault maps discovered:
D:1:      lightli_arrival_windingriver, layout_loops_ring, corexii_corridor_pit
D:2:      layout_loops_ring, uniq_sigmund, uniq_natasha
D:3:      layout_rooms, kennysheep_another_room
D:4:      layout_gridville, minmay_temple_entry_statues_pillars,
          minmay_bisected, uniq_blork_the_orc, uniq_robin
D:5:      layout_rooms, nzn_wu_jian_council_hall, lemuel_doored_altar,
          nicolae_overflow_hidden_temple
D:6:      layout_rooms, good_gods_mini_temple, lightli_sewer_entry_pipes,
          nicolae_lava_and_water, amethyst_killhole,
          chequers_serial_rivers_large_a, uniq_jeremiah
Temple:   hellmonk_temple_rainy

Skill      XL: |  1  2  3  4  5  6  7  8 |
---------------+-------------------------+-----
Fighting       | 4 5 6 7 |  7.5
Axes           | 3 4 5 6 7 |  7.1
Armour         | 4 5 |  5.7
Shields        | 4 5 |  5.7

Action                     |  1- 3 |  4- 6 |  7- 9 || total
---------------------------+-------+-------+-------++-------
  Melee: War axe           |    41 |    90 |    77 ||   208
         Headbutt          |     3 |    14 |    12 ||    29
    Use: Scroll            |     1 |     1 |     2 ||     4
         Potion            |       |       |     2 ||     2
 Armour: Scale mail        |    16 |       |       ||    16
         Chain mail        |    19 |    61 |    61 ||   141
  Dodge: Dodged            |    15 |    41 |    32 ||    88
  Block: Buckler           |     3 |    21 |    15 ||    39

Table legend: (Time is in decaauts)
 A = Elapsed time spent in this place.
 B = Non-inter-level travel time spent in this place.
 C = Inter-level travel time spent in this place.
 D = Time resting spent in this place.
 E = Time spent auto-exploring this place.
 F = Levels seen in this place.
 G = Mean time per level.
                   A        B        C        D        E       F      G
               +--------+--------+--------+--------+--------+-----+--------+
         Total |   4750 |   4637 |    113 |    371 |   3641 |   7 |  678.6 |
       Dungeon |   4727 |   4633 |     94 |    371 |   3641 |   6 |  787.8 |
        Temple |     23 |      4 |     19 |      0 |      0 |   1 |   23.0 |
               +--------+--------+--------+--------+--------+-----+--------+

Top non-repeatable levels by time:
     D:4: 1294 daAuts
     D:2: 1213 daAuts
     D:5: 793 daAuts
     D:1: 777 daAuts
     D:3: 621 daAuts
     D:6: 26 daAuts
  Temple: 23 daAuts
